PA
WALLA WALLA WALLEYE @ GALESBURG GUZZLERS
06/08/2031
 
TOP OF THE 1ST
Walla Walla Walleye batting - Pitching for Galesburg Guzzlers : LHP Tod Whipple
Pitching: LHP Tod Whipple
Batting: RHB Dave Sosa 0-0: Ground out 5-3 (Groundball, 56)
Batting: RHB Igme Samson 0-0: Called Strike
0-1: Ball
1-1: Swinging Strike
1-2: Ball
2-2: Ball
3-2: Strikes out swinging
Batting: RHB Raúl Maradona 0-0: Called Strike
0-1: Swinging Strike
0-2: Ball
1-2: Strikes out looking
Top of the 1st over - 0 runs, 0 hits, 0 errors, 0 left on base; Walla Walla 0 - Galesburg 0
BOTTOM OF THE 1ST
Galesburg Guzzlers batting - Pitching for Walla Walla Walleye : LHP Rafael González
Pitching: LHP Rafael González
Batting: RHB Tony Martínez 0-0: SINGLE (Groundball, 6D)
Batting: RHB Yu-shu Tseng 0-0: Ball
1-0: Swinging Strike
1-1: Called Strike
Tony Martínez steals 2nd base
1-2: Ball
2-2: Ball
3-2: Foul Ball, location: 2F
3-2: Foul Ball, location: 2F
3-2: Foul Ball, location: 2F
3-2: Fly out, F9 (Flyball, 9LM)
Runner from 2nd tags up, SAFE at 3rd with throw
Batting: RHB Moriz Ayushiev 0-0: Called Strike
0-1: Ball
1-1: Swinging Strike
1-2: Hit by Pitch
Batting: RHB Bastiaan Pieterse 0-0: Foul Ball, location: 2F
0-1: Called Strike
0-2: 3-RUN HOME RUN (Flyball, 7LD), Distance : 371 ft
Batting: RHB Pacu Martic 0-0: Fly out, F9 (Flyball, 9)
Batting: RHB Manny Diéguez 0-0: Foul Ball, location: 2F
0-1: Fly out, F9 (Flyball, 9S)
Bottom of the 1st over - 3 runs, 2 hits, 0 errors, 0 left on base; Walla Walla 0 - Galesburg 3
TOP OF THE 2ND
Walla Walla Walleye batting - Pitching for Galesburg Guzzlers : LHP Tod Whipple
Batting: RHB Alejandro Blasco 0-0: Called Strike
0-1: Swinging Strike
0-2: Ball
1-2: Foul Ball, location: 2F
1-2: SINGLE (Flyball, 7LS)
Batting: RHB Jesús Santillian 0-0: Called Strike
0-1: Called Strike
0-2: Foul Ball, location: 2F
0-2: Foul Ball, location: 2F
0-2: Foul Ball, location: 2F
0-2: Ball
1-2: Foul Ball, location: 2F
1-2: Strikes out swinging
Batting: LHB Mo Eayrs 0-0: Ball
1-0: Called Strike
1-1: Grounds into double play, 5-4-3 (Groundball, 5L)
Top of the 2nd over - 0 runs, 1 hit, 0 errors, 0 left on base; Walla Walla 0 - Galesburg 3
BOTTOM OF THE 2ND
Galesburg Guzzlers batting - Pitching for Walla Walla Walleye : LHP Rafael González
Batting: RHB Nestor Tantoco 0-0: Called Strike
0-1: Ball
1-1: Ball
2-1: SINGLE (Line Drive, 6MD)
Batting: RHB Mei Kim 0-0: Fly out, F7 (Flyball, 7S)
Batting: SHB Louie Vipont 0-0: Called Strike
0-1: Ball
1-1: Swinging Strike
1-2: Strikes out swinging
Batting: RHB Tony Martínez 0-0: Ground out 6-3 (Groundball, 56)
Bottom of the 2nd over - 0 runs, 1 hit, 0 errors, 1 left on base; Walla Walla 0 - Galesburg 3
TOP OF THE 3RD
Walla Walla Walleye batting - Pitching for Galesburg Guzzlers : LHP Tod Whipple
Batting: LHB Andrés Rodríguez 0-0: Swinging Strike
0-1: Ground out 4-3 (Groundball, 4)
Batting: RHB Oliver Villalva 0-0: Ball
1-0: Foul Ball, location: 2F
1-1: Ground out 5-3 (Groundball, 56)
Batting: LHB Rurik Elhov 0-0: Foul Ball, location: 2F
0-1: Swinging Strike
0-2: Ball
1-2: Foul Ball, location: 2F
1-2: Ball
2-2: Ball
3-2: Strikes out looking
Top of the 3rd over - 0 runs, 0 hits, 0 errors, 0 left on base; Walla Walla 0 - Galesburg 3
BOTTOM OF THE 3RD
Galesburg Guzzlers batting - Pitching for Walla Walla Walleye : LHP Rafael González
Batting: RHB Yu-shu Tseng 0-0: Ball
1-0: Ball
2-0: Fly out, F7 (Flyball, 7S)
Batting: RHB Moriz Ayushiev 0-0: Ball
1-0: Foul Ball, location: 2F
1-1: Called Strike
1-2: Strikes out looking
Batting: RHB Bastiaan Pieterse 0-0: Ball
1-0: Ground out U3 (Groundball, 3)
Bottom of the 3rd over - 0 runs, 0 hits, 0 errors, 0 left on base; Walla Walla 0 - Galesburg 3
TOP OF THE 4TH
Walla Walla Walleye batting - Pitching for Galesburg Guzzlers : LHP Tod Whipple
Batting: RHB Dave Sosa 0-0: Called Strike
0-1: Fly out, F6 (Popup, 6M)
Batting: RHB Igme Samson 0-0: Foul Ball, location: 2F
0-1: Swinging Strike
0-2: Ball
1-2: Strikes out swinging
Batting: RHB Raúl Maradona 0-0: Called Strike
0-1: Foul Ball, location: 2F
0-2: Foul Ball, location: 2F
0-2: Ball
1-2: SINGLE (Groundball, 6D)
Batting: RHB Alejandro Blasco 0-0: Ball
1-0: Foul Ball, location: 2F
1-1: Ball
2-1: Fly out, F8 (Flyball, 8LD)
Top of the 4th over - 0 runs, 1 hit, 0 errors, 1 left on base; Walla Walla 0 - Galesburg 3
BOTTOM OF THE 4TH
Galesburg Guzzlers batting - Pitching for Walla Walla Walleye : LHP Rafael González
Batting: RHB Pacu Martic 0-0: Called Strike
0-1: Ball
1-1: Ball
2-1: Swinging Strike
2-2: Ball
3-2: Ground out 5-3 (Groundball, 56)
Batting: RHB Manny Diéguez 0-0: Ground out 4-3 (Groundball, 4)
Batting: RHB Nestor Tantoco 0-0: Ball
1-0: Called Strike
1-1: Fly out, F8 (Line Drive, 89M)
Bottom of the 4th over - 0 runs, 0 hits, 0 errors, 0 left on base; Walla Walla 0 - Galesburg 3
TOP OF THE 5TH
Walla Walla Walleye batting - Pitching for Galesburg Guzzlers : LHP Tod Whipple
Batting: RHB Jesús Santillian 0-0: Ball
1-0: Called Strike
1-1: Foul Ball, location: 2F
1-2: Ball
2-2: Strikes out swinging
Batting: LHB Mo Eayrs 0-0: Ball
1-0: SINGLE (Groundball, 56D)
Batting: LHB Andrés Rodríguez 0-0: Ball
1-0: Foul Ball, location: 2F
1-1: Grounds into double play, 4-6-3 (Groundball, 4)
Top of the 5th over - 0 runs, 1 hit, 0 errors, 0 left on base; Walla Walla 0 - Galesburg 3
BOTTOM OF THE 5TH
Galesburg Guzzlers batting - Pitching for Walla Walla Walleye : LHP Rafael González
Batting: RHB Mei Kim 0-0: Ball
1-0: Ball
2-0: Ball
3-0: Base on Balls
Batting: SHB Louie Vipont 0-0: Sac Bunt - play at first, batter OUT! 2-3
Mei Kim to second
Batting: RHB Tony Martínez 0-0: Fly out, F9 (Flyball, 89M)
Batting: RHB Yu-shu Tseng 0-0: Ball
1-0: Called Strike
1-1: SINGLE (Line Drive, 7S)
Mei Kim to third
Batting: RHB Moriz Ayushiev 0-0: Called Strike
0-1: SINGLE (Flyball, 8RS)
Mei Kim scores
Yu-shu Tseng to second
Runner from 2nd tries for 3rd, SAFE, no throw
Batting: RHB Bastiaan Pieterse 0-0: Ground out 4-3 (Groundball, 4S)
Bottom of the 5th over - 1 run, 2 hits, 0 errors, 2 left on base; Walla Walla 0 - Galesburg 4
TOP OF THE 6TH
Walla Walla Walleye batting - Pitching for Galesburg Guzzlers : LHP Tod Whipple
Batting: RHB Oliver Villalva 0-0: Ground out 5-3 (Groundball, 56)
Batting: LHB Rurik Elhov 0-0: SINGLE (Line Drive, 9S)
Batting: RHB Dave Sosa 0-0: Ball
1-0: Foul Ball, location: 2F
1-1: Foul Ball, location: 2F
1-2: Foul Ball, location: 2F
1-2: SINGLE (Groundball, 6) (infield hit)
Rurik Elhov to second
Batting: RHB Igme Samson 0-0: Ball
1-0: Called Strike
1-1: Ball
Rurik Elhov steals 3rd base
Dave Sosa to second
2-1: Ball
3-1: Foul Ball, location: 2F
3-2: Base on Balls
Batting: RHB Raúl Maradona 0-0: Called Strike
0-1: Called Strike
0-2: Ball
1-2: Strikes out swinging
Pitching: RHP Miguel Padilla
Batting: RHB Alejandro Blasco 0-0: Called Strike
0-1: Called Strike
0-2: Strikes out swinging
Top of the 6th over - 0 runs, 2 hits, 0 errors, 3 left on base; Walla Walla 0 - Galesburg 4
BOTTOM OF THE 6TH
Galesburg Guzzlers batting - Pitching for Walla Walla Walleye : LHP Rafael González
Batting: RHB Pacu Martic 0-0: Ground out 5-3 (Groundball, 56)
Batting: RHB Manny Diéguez 0-0: Called Strike
0-1: Ball
1-1: DOUBLE (Groundball, 3L)
Batting: RHB Nestor Tantoco 0-0: Foul Ball, location: 2F
0-1: SINGLE (Groundball, 56D)
Manny Diéguez to third
Runner from 3rd tries for Home, SAFE, no throw
Pitching: RHP Ángel Herrera
Batting: RHB Mei Kim 0-0: Called Strike
0-1: Foul Ball, location: 2F
0-2: Foul Ball, location: 2F
0-2: Foul Ball, location: 2F
0-2: Ball
1-2: Foul Ball, location: 2F
1-2: Foul Ball, location: 2F
1-2: SINGLE (Line Drive, 6D)
Nestor Tantoco to second
Batting: SHB Louie Vipont 0-0: Called Strike
0-1: Ground out 5-3 (Groundball, 25)
Nestor Tantoco to third
Mei Kim to second
Batting: RHB Tony Martínez 0-0: Hit by Pitch
Batting: RHB Yu-shu Tseng 0-0: Ball
1-0: Ball
2-0: Foul Ball, location: 2F
2-1: Ball
3-1: Called Strike
3-2: Strikes out swinging
Bottom of the 6th over - 1 run, 3 hits, 0 errors, 3 left on base; Walla Walla 0 - Galesburg 5
TOP OF THE 7TH
Walla Walla Walleye batting - Pitching for Galesburg Guzzlers : RHP Miguel Padilla
Batting: RHB Jesús Santillian 0-0: Called Strike
0-1: Called Strike
0-2: Ball
1-2: Ball
2-2: Strikes out swinging
Batting: LHB Mo Eayrs 0-0: Called Strike
0-1: Ground out U3 (Groundball, 3)
Batting: LHB Andrés Rodríguez 0-0: Called Strike
0-1: Ball
1-1: Swinging Strike
1-2: Strikes out swinging
Top of the 7th over - 0 runs, 0 hits, 0 errors, 0 left on base; Walla Walla 0 - Galesburg 5
BOTTOM OF THE 7TH
Galesburg Guzzlers batting - Pitching for Walla Walla Walleye : RHP Ángel Herrera
Batting: RHB Moriz Ayushiev 0-0: Ball
1-0: DOUBLE (Line Drive, 8LXD)
Batting: RHB Bastiaan Pieterse 0-0: Called Strike
0-1: Ball
1-1: Fly out, F8 (Flyball, 8RM)
Batting: RHB Pacu Martic 0-0: Foul Ball, location: 2F
0-1: Ball
1-1: Foul Ball, location: 2F
1-2: Ground out 5-3 (Groundball, 56)
Batting: RHB Manny Diéguez 0-0: Called Strike
0-1: Reached on error, E6 (Groundball, 6)
Moriz Ayushiev to third
Batting: RHB Nestor Tantoco 0-0: Ball
1-0: Ball
2-0: Called Strike
2-1: Ball
3-1: Foul Ball, location: 2F
3-2: Foul Ball, location: 2F
3-2: SINGLE (Groundball, 56D)
Moriz Ayushiev scores
Manny Diéguez to second
Manny Diéguez to third
Batting: RHB Mei Kim 0-0: Foul Ball, location: 2F
0-1: Fly out, F4 (Popup, 4M)
Bottom of the 7th over - 1 run, 2 hits, 1 error, 2 left on base; Walla Walla 0 - Galesburg 6
TOP OF THE 8TH
Walla Walla Walleye batting - Pitching for Galesburg Guzzlers : RHP Miguel Padilla
Now at 1B: Ángelo Corona
Batting: RHB Oliver Villalva 0-0: Ball
1-0: Ball
2-0: Swinging Strike
2-1: SINGLE (Line Drive, 4M)
Batting: LHB Rurik Elhov 0-0: Ball
1-0: Called Strike
1-1: Ground out 3-1 (Groundball, 3)
Oliver Villalva to second
Batting: RHB Dave Sosa 0-0: Ball
1-0: Foul Ball, location: 2F
1-1: Swinging Strike
1-2: Ball
2-2: Foul Ball, location: 2F
2-2: Foul Ball, location: 2F
2-2: Strikes out swinging
Batting: RHB Igme Samson 0-0: Foul Ball, location: 2F
0-1: Swinging Strike
0-2: Strikes out swinging
Top of the 8th over - 0 runs, 1 hit, 0 errors, 1 left on base; Walla Walla 0 - Galesburg 6
BOTTOM OF THE 8TH
Galesburg Guzzlers batting - Pitching for Walla Walla Walleye : RHP Ángel Herrera
Batting: SHB Louie Vipont 0-0: Foul Ball, location: 2F
0-1: Fly out, F8 (Flyball, 8LS)
Batting: RHB Tony Martínez 0-0: Ground out 4-3 (Groundball, 4)
Batting: RHB Yu-shu Tseng 0-0: SINGLE (Groundball, 56D)
Batting: RHB Moriz Ayushiev 0-0: Called Strike
0-1: Ball
1-1: Called Strike
1-2: Ball
Yu-shu Tseng steals 2nd base
2-2: Fly out, F9 (Flyball, 89D)
Bottom of the 8th over - 0 runs, 1 hit, 0 errors, 1 left on base; Walla Walla 0 - Galesburg 6
TOP OF THE 9TH
Walla Walla Walleye batting - Pitching for Galesburg Guzzlers : RHP Miguel Padilla
Now at 2B: Andre González
Batting: RHB Raúl Maradona 0-0: Fly out, F7 (Flyball, 78D)
Batting: RHB Alejandro Blasco 0-0: Ground out 6-3 (Groundball, 6)
Batting: RHB Jesús Santillian 0-0: Called Strike
0-1: Ground out 5-3 (Groundball, 56S)
Top of the 9th over - 0 runs, 0 hits, 0 errors, 0 left on base; Walla Walla 0 - Galesburg 6
Tuesday, June 12th, 2018 - OOTP Baseball 18.8 Build 76